 Dungeon Crawl Stone Soup version 0.18.1-5-g4a78601 (webtiles) character file.

9604 Implojin the Fighter (level 11, -17/93 HPs)
             Began as a Mummy Monk on May 13, 2016.
             Demolished by a hill giant
             ... wielding a +0 giant club
              (28 damage)
             ... on level 10 of the Dungeon.
             The game lasted 01:03:05 (26702 turns).

Implojin the Fighter (Mummy Monk)                  Turns: 26702, Time: 01:03:06

Health: -17/93     AC:  6    Str: 14    XL:     11   Next: 25%
Magic:  11/11      EV: 16    Int:  9    God:
Gold:   780        SH:  0    Dex: 19    Spells: 0 memorised, 10 levels left

rFire  x . .     SeeInvis +       - Unarmed
rCold  + . .     Gourm    .     (no armour)
rNeg   + + +     Faith    .     (no shield)
rPois  ∞         Spirit   .     b - +2 helmet
rElec  .         Dismiss  .     (no cloak)
rCorr  .         Reflect  .     g - +2 pair of gloves
SustAt .         Harm     .     (no boots)
MR     +....                    (no amulet)
Stlth  ++........               o - ring of see invisible
                                h - ring of stealth

@: somewhat resistant to hostile enchantments, unstealthy
A: no food or potions, fire vulnerability, cold resistance 1, negative energy
resistance 3, torment resistance, unbreathing
a: no special abilities


You were on level 10 of the Dungeon.
You were not hungry.

You visited 3 branches of the dungeon, and saw 14 of its levels.
You also visited: Bailey.

You collected 962 gold pieces.
You spent 182 gold pieces at shops.

Inventory:

Armour
 b - a +2 helmet (worn)
 g - a +2 pair of gloves (worn)
 i - a +0 pair of gloves
 z - a +0 large shield
Magical Staves
 n - an uncursed staff of earth
 u - an uncursed staff of power {unknown}
 C - a cursed staff of power {unknown}
Jewellery
 c - an uncursed ring of positive energy
 d - an uncursed amulet of dismissal
 e - an uncursed ring of sustain attributes
 f - an uncursed ring of flight
 h - a ring of stealth (left hand)
 o - a ring of see invisible (right hand)
 D - an uncursed amulet of regeneration {unknown}
Wands
 B - a wand of flame (19/48)
 F - a wand of disintegration (7/24)
 H - a wand of slowing (16/48)
Scrolls
 a - 2 scrolls of teleportation
 j - 6 scrolls of identify
 k - 3 scrolls of fog
 l - 6 scrolls of remove curse
 m - 2 scrolls of magic mapping
 r - a scroll of amnesia
 v - a scroll of recharging
 w - a scroll of enchant weapon
 x - 3 scrolls of enchant armour
 y - 2 scrolls of random uselessness
 A - a scroll of noise
Books
 q - a book of Dreams

   Spells                             Type                      Level
   a - Ensorcelled Hibernation        Hexes/Ice                    2
   b - Silence                        Hexes/Air                    5
   c - Darkness                       Hexes                        6
   d - Shadow Creatures               Summoning                    6
 s - a book of Party Tricks

   Spells                             Type                      Level
   a - Summon Butterflies             Summoning                    1
   b - Apportation                    Translocation                1
   c - Tukima's Dance                 Hexes                        3
   d - Alistair's Intoxication        Transmutation/Poison         5
   e - Invisibility                   Hexes                        6
 t - a book of Minor Magic

   Spells                             Type                      Level
   a - Magic Dart                     Conjuration                  1
   b - Blink                          Translocation                2
   c - Call Imp                       Summoning                    2
   d - Repel Missiles                 Charms/Air                   2
   e - Slow                           Hexes                        2
   f - Conjure Flame                  Conjuration/Fire             3
   g - Mephitic Cloud                 Conjuration/Poison/Air       3
 E - a book of Frost

   Spells                             Type                      Level
   a - Freeze                         Ice                          1
   b - Throw Frost                    Conjuration/Ice              2
   c - Ozocubu's Armour               Charms/Ice                   3
   d - Throw Icicle                   Conjuration/Ice              4
   e - Summon Ice Beast               Ice/Summoning                4
 G - a Fen Folio

   Spells                             Type                      Level
   a - Corpse Rot                     Necromancy                   2
   b - Stone Arrow                    Conjuration/Earth            3
   c - Leda's Liquefaction            Hexes/Earth                  4
   d - Summon Forest                  Summoning/Translocation      5
   e - Hydra Form                     Transmutation                6
   f - Summon Hydra                   Summoning                    7
Comestibles
 p - 2 bread rations (quivered)


   Skills:
 * Level 11.3 Fighting
 - Level 5.5 Dodging
 - Level 1.5 Stealth
 - Level 11.0 Unarmed Combat


You had 10 spell levels left.
You didn't know any spells.

Dungeon Overview and Level Annotations

Branches:
Dungeon (11/15)            Temple (1/1) D:5            Lair (0/8) D:9
    Orc (2/2) D:10
    Elf: Orc:2

Altars:
Ashenzari
Cheibriados
Dithmenos
Fedhas
Makhleb
Nemelex Xobeh
Qazlal
Ru
Vehumet
Yredelemnul
Zin

Shops:
D:5 *   D:9 ?   Orc:2 %=(

Portals:
Trove: D:11 (give +4 fire dragon armour)

Annotations:
D:3 exclusion: downstairs
D:4 exclusion: downstairs
D:5 exclusion: 2 downstairs
D:6 exclusions: downstairs and 4 more exclusions, Blork the orc
D:7 Dowan, Duvessa
D:8 exclusion: downstairs
D:9 exclusion: 2 downstairs
D:10 exclusions: troll and 2 more exclusions
D:11 exclusion: hill giant


Innate Abilities, Weirdness & Mutations

You do not eat or drink.
Your flesh is vulnerable to fire.
You are immune to poison.
Your flesh is cold resistant.
You are immune to negative energy.
You are immune to unholy pain and torment.
You can survive without breathing.


Message History

Unknown command.
The hill giant shouts!
You swing at nothing.
You swing at nothing.
You swing at nothing.
You hit the hill giant.
The hill giant is lightly wounded.
The hill giant hits you with a giant club!!
You hit the hill giant but do no damage.
The hill giant is lightly wounded.
You hit the hill giant.
The hill giant is lightly wounded.
The hill giant hits you with a giant club!!
* * * LOW HITPOINT WARNING * * *
You see here 21 sling bullets.
You see here a bolt.
You see here a poisoned needle.
You see here a dagger.
Items here: (( ))) 17 poisoned needles; an uncursed dagger; a blowgun; a stone; a dagger
Things that are here:
a poisoned needle; a hand axe
Things that are here:
a hand axe; a tomahawk of returning You see here a tomahawk of returning.
A sky beast comes into view.
You enter the shallow water.
Moving in this stuff is going to be slow.
The sky beast hits you but does no damage.
The sky beast flickers out of sight for a moment.
The hill giant hits you with a giant club!!
* * * LOW HITPOINT WARNING * * *
Read which item? (? for menu, Esc to quit)
Okay, then.
You enter the shallow water.
Moving in this stuff is going to be slow.
The hill giant hits you with a giant club!!
* * * LOW HITPOINT WARNING * * *
The hill giant hits you with a giant club!!
You die...

#.# #.....≈..# #
#.# #.......(# #
#.# #........# #
#.# #........# #
#.# #........#
##### #.#
######.#.#.###...#
#.#
#≈Y≈Y≈≈≈≈≈≈≈≈≈≈≈.#
#.#
#C###.......###≈..
#<# #@# #########
#≈## ### #)##
##≈.. #).# #.≈##
#≈)# #.≈## #≈.#
#.≈.! #≈.# #.≈..
#≈.# #)≈.. #≈.#
#)).. #≈(# #.≈..


You could see a hill giant and a sky beast.

Vanquished Creatures
  An unseen horror (D:11)
  A hill giant (D:11)
  A cyclops (D:11)
  A spriggan (D:11)
  A wyvern (D:8)
  A wraith (D:9)
  2 vampires (D:11)
  2 hippogriffs
  2 hungry ghosts
  Edmund (D:6)
  A phantom (D:8)
  2 wasps
  11 orc warriors
  An eye of draining (D:11)
  A sky beast (D:8)
  A necrophage (D:10)
  9 ogres
  5 centaurs
  3 big kobolds
  7 giant frogs
  A wyvern skeleton (D:9)
  A water moccasin skeleton (D:7)
  3 scorpions
  5 killer bees
  6 wights
  9 howler monkeys
  An electric eel (D:10)
  9 crimson imps
  A centaur zombie (D:7)
  4 giant frog zombies
  12 orc priests
  A quasit (D:9)
  5 hounds
  4 human zombies (D:9)
  2 jellies
  2 centaur skeletons
  A giant frog skeleton (D:11)
  A human skeleton (D:9)
  12 orc wizards
  5 iguanas
  9 worker ants
  A hound zombie (D:6)
  3 hound skeletons
  3 mummies (D:9)
  A howler monkey zombie (D:11)
  7 gnolls
  A howler monkey skeleton (D:9)
  15 adders
  4 shadow imps
  3 oozes
  3 adder skeletons
  2 worms
  A dart slug (D:1)
  8 giant geckos
  60 orcs
  3 ball pythons
  4 giant cockroaches
  14 goblins
  7 hobgoblins
  12 jackals
  6 quokkas
  2 bats
  6 giant newts
  35 kobolds
  2 quokka skeletons
  6 rats
357 creatures vanquished.

Vanquished Creatures (others)
  An orc (D:4)
1 creature vanquished.

Grand Total: 358 creatures vanquished

Notes
Turn   | Place    | Note
--------------------------------------------------------------
     0 | D:1      | Implojin the Mummy Monk began the quest for the Orb.
     0 | D:1      | Reached XP level 1. HP: 18/18 MP: 1/1
   421 | D:2      | Found a sparkling altar of Nemelex Xobeh.
   863 | D:1      | Reached XP level 2. HP: 2/24 MP: 2/2
  1766 | D:1      | Reached skill level 4 in Unarmed Combat
  2125 | D:2      | Reached XP level 3. HP: 27/29 MP: 3/3
  2792 | D:2      | Reached XP level 4. HP: 25/35 MP: 4/4
  5299 | D:4      | Reached skill level 5 in Unarmed Combat
  5613 | D:4      | Reached XP level 5. HP: 33/41 MP: 5/5
  5889 | D:4      | Found a stormy altar of Qazlal.
  7051 | D:5      | Entered Level 5 of the Dungeon
  7052 | D:5      | Found Kuonuif's Assorted Antiques.
  7060 | D:5      | Bought a scroll of identify for 52 gold pieces
  7060 | D:5      | Bought a scroll labeled WALYPA NIMMI for 26 gold pieces
  7060 | D:5      | Bought a scroll labeled RINIFA YTELLUU for 26 gold pieces
  7085 | D:5      | Noticed a rust devil
  7111 | D:5      | Found a staircase to the Ecumenical Temple.
  7147 | D:5      | Noticed an angel
  7208 | D:5      | Reached skill level 6 in Unarmed Combat
  7334 | D:5      | Found a sacrificial altar of Ru.
  7469 | D:5      | Noticed an ogre
  7727 | D:4      | Reached XP level 6. HP: 31/47 MP: 6/6
  7928 | D:5      | Reached skill level 4 in Fighting
  8042 | D:5      | Found a radiant altar of Vehumet.
  8717 | D:5      | Found a shattered altar of Ashenzari.
  8788 | D:5      | Reached skill level 5 in Fighting
  9234 | D:6      | Noticed Blork the orc
  9386 | D:6      | Reached XP level 7. HP: 53/56 MP: 7/7
  9466 | D:6      | Noticed Edmund
 10072 | D:6      | Reached skill level 6 in Fighting
 11186 | D:6      | Reached skill level 7 in Fighting
 11748 | D:7      | Reached XP level 8. HP: 66/68 MP: 8/8
 11776 | D:7      | Reached skill level 8 in Fighting
 12152 | D:6      | Reached skill level 3 in Dodging
 12206 | D:6      | Killed Edmund
 12206 | D:6      | Reached skill level 4 in Dodging
 12410 | D:7      | Noticed Duvessa
 12410 | D:7      | Noticed Dowan
 12624 | D:7      | Reached skill level 5 in Dodging
 13412 | D:7      | Found a snail-covered altar of Cheibriados.
 13992 | D:6      | Reached XP level 9. HP: 47/74 MP: 9/9
 14498 | D:5      | Reached skill level 7 in Unarmed Combat
 14508 | Temple   | Entered the Ecumenical Temple
 15515 | D:8      | Reached skill level 8 in Unarmed Combat
 16060 | D:8      | Found a shadowy altar of Dithmenos.
 17187 | D:8      | Reached skill level 9 in Unarmed Combat
 17270 | D:9      | Noticed a troll
 17510 | D:9      | Found Liuxt's Magic Scroll Shoppe.
 17711 | D:9      | Bought a scroll of fog for 26 gold pieces
 17711 | D:9      | Bought a scroll of random uselessness for 13 gold pieces
 17711 | D:9      | Bought a scroll of teleportation for 39 gold pieces
 17731 | D:9      | Found a staircase to the Lair.
 17822 | D:9      | Found a glowing silver altar of Zin.
 17945 | D:9      | Reached XP level 10. HP: 65/80 MP: 10/10
 18315 | D:9      | Reached skill level 10 in Unarmed Combat
 18548 | D:9      | Found a basalt altar of Yredelemnul.
 19158 | D:10     | Entered Level 10 of the Dungeon
 19293 | D:10     | Found a flagged portal.
 19369 | Bailey   | Entered a bailey
 19375 | Bailey   | Noticed an orc warlord
 19759 | Bailey   | Found a runed gate.
 19760 | Bailey   | Found a runed gate.
 19762 | Bailey   | Found a runed gate.
 20442 | D:10     | Found a staircase to the Orcish Mines.
 20510 | D:10     | Noticed a hill giant
 21119 | D:11     | Noticed a purple ugly thing
 21122 | D:11     | Noticed a cyan ugly thing
 21286 | Orc:1    | Entered Level 1 of the Orcish Mines
 21330 | Orc:1    | Reached skill level 11 in Unarmed Combat
 21583 | Orc:2    | Entered Level 2 of the Orcish Mines
 22486 | Orc:2    | Found Quaqocs's Weapon Emporium.
 22770 | Orc:1    | Reached skill level 9 in Fighting
 22968 | Orc:2    | Found Bivobriu's Jewellery Shop.
 22969 | Orc:2    | Found Putugg's Food Boutique.
 22969 | Orc:2    | Noticed a cyclops
 22970 | Orc:2    | Noticed a hill giant
 23616 | D:11     | Noticed a hill giant
 23957 | D:11     | Noticed an unseen horror
 23965 | D:11     | Killed an unseen horror
 23965 | D:11     | Reached skill level 10 in Fighting
 24168 | D:11     | Reached XP level 11. HP: 66/92 MP: 11/11
 25750 | D:11     | Reached skill level 11 in Fighting
 25913 | D:11     | Found a portal to a secret trove of treasure.
 26212 | D:11     | Noticed a hill giant
 26441 | D:11     | Killed a hill giant
 26702 | D:10     | Demolished by a hill giant

Skill      XL: |  1  2  3  4  5  6  7  8  9 10 11 |
---------------+----------------------------------+-----
Unarmed Combat | 4 5 6 9 11 | 11.0
Fighting       | 5 7 8 10 11 | 11.3
Dodging        | 5 |  5.5
Stealth        | |  1.5

Action                   |  1- 3 |  4- 6 |  7- 9 | 10-12 || total
-------------------------+-------+-------+-------+-------++-------
Melee: Unarmed           |   125 |   352 |   769 |   702 ||  1948
       Punch             |       |    12 |    39 |    51 ||   102
  Use: Scroll            |       |    11 |     6 |     3 ||    20
 Stab: Sleeping          |     3 |     8 |     4 |     9 ||    24
       Distracted        |       |     1 |     1 |       ||     2
Armor: Skin              |     3 |    45 |   128 |   100 ||   276
Dodge: Dodged            |    80 |   170 |   518 |   520 ||  1288

Table legend:
 A = Turns spent in this place as a percentage of turns spent in the entire game.
 B = Non-inter-level travel turns spent in this place as a percentage of non-inter-level travel turns spent in the entire game.
 C = Inter-level travel turns spent in this place as a percentage of turns spent in this place.
 D = Turns resting spent in this place as a percentage of non-inter-level travel turns spent in this place.
 E = Turns spent auto-exploring this place as a percentage of non-inter-level travel turns spent in this place.
 F = Non-inter-level travel turns spent in this place divided by the number of levels of this place that you've seen.
                   A       B       C       D       E      F
               +-------+-------+-------+-------+-------+----------------------
         Total | 100.0 | 100.0 |   0.5 |   4.1 |   2.9 | 561.9
       Dungeon |  90.5 |  90.5 |   0.5 |   4.2 |   3.1 | 693.2
        Temple |   0.1 |   0.1 |   0.0 |  40.0 |   0.0 |   5.0
  Orcish Mines |   5.7 |   5.7 |   0.2 |   3.5 |   0.6 | 240.5
        Bailey |   3.8 |   3.8 |   0.0 |   3.1 |   0.0 | 318.0
               +-------+-------+-------+-------+-------+----------------------

Table legend:
 A = Kills in this place as a percentage of kills in entire the game.
 B = Kills by you in this place as a percentage of kills by you in the entire game.
 C = Kills by friends in this place as a percentage of kills by friends in the entire game.
 D = Other kills in this place as a percentage of other kills in the entire game.
 E = Experience gained in this place as a percentage of experience gained in the entire game.
 F = Experience gained in this place divided by the number of levels of this place that you have seen.
                   A       B       C       D       E      F
               +-------+-------+-------+-------+-------+----------------------
         Total | 100.0 | 100.0 |  -nan |  -nan | 100.0 | 914.7
       Dungeon |  87.7 |  87.7 |  -nan |  -nan |  87.9 | 1096.8
        Temple |   0.3 |   0.3 |  -nan |  -nan |   0.3 |  36.0
  Orcish Mines |   7.0 |   7.0 |  -nan |  -nan |   9.5 | 652.5
        Bailey |   5.0 |   5.0 |  -nan |  -nan |   2.3 | 315.0
               +-------+-------+-------+-------+-------+----------------------
